 Dungeon Crawl Stone Soup version 0.26-a0-154-g3d63440f56 (webtiles) character file.

Game seed: 5826192435976839445

93804 MrRokkomies the Scorcher (level 15, -11/88 HPs)
             Began as a Deep Elf Fire Elementalist on June 29, 2020.
             Was the Champion of Vehumet.
             Killed from afar by Azrael (36 damage)
             ... with damnation
             ... on level 15 of the Dungeon on July 1, 2020.
             The game lasted 03:19:10 (37926 turns).

MrRokkomies the Scorcher (DEFE)                    Turns: 37926, Time: 03:19:11

Health: -11/88     AC:  6    Str:  8    XL:     15   Next: 61%
Magic:  24/31      EV: 22    Int: 24    God:    Vehumet [******]
Gold:   308        SH: 15    Dex: 15    Spells: 2/34 levels left

rFire    + . .     SeeInvis +   b - staff of energy
rCold    + + .     Faith    .   C - +4 kite shield of Xuschomn {rPois}
rNeg     . . .     Spirit   .   G - +0 robe {rC+ rF+}
rPois    +         Reflect  .   Y - +0 mask of the Dragon {MR+ Slay+3 SInv}
rElec    +         Harm     .   J - +1 cloak of Starlight {rElec rC+ EV+4 Stlth--}
rCorr    +                      v - +0 pair of gloves
MR       ++++.                  A - +0 pair of boots
Stlth    ..........             O - amulet "Caekisua" {MR++ Regen+ Slay+6 SInv Stlth-}
HPRegen  0.64/turn              F - ring of resist corrosion
MPRegen  0.22/turn              S - ring of poison resistance

@: no status effects
A: no striking features
a: Renounce Religion


You were on level 15 of the Dungeon.
You worshipped Vehumet.
Vehumet was exalted by your worship.
You were not hungry.

You visited 4 branches of the dungeon, and saw 24 of its levels.

You collected 2713 gold pieces.
You spent 2405 gold pieces at shops.

Inventory:

Hand Weapons
 l - a +2 short sword of holy wrath
 w - the +8 spear of Woabumok {speed, rN+ MR+ Dex+2 SInv}
   (You found it on level 6 of the Lair of Beasts)

   Attacks with this weapon are significantly faster.
   It affects your dexterity (+2).
   It protects you from negative energy.
   It affects your resistance to hostile enchantments.
   It lets you see invisible.
 E - a +0 whip of electrocution
 K - a +1 trident of freezing
 R - a +1 rapier of speed
Missiles
 h - 23 poisoned darts (quivered)
 M - 5 throwing nets
Armour
 g - a +1 helmet of intelligence
 v - a +0 pair of gloves (worn)
 A - a +0 pair of boots (worn)
 C - the +4 kite shield of Xuschomn (worn) {rPois}
   (You acquired it on level 3 of the Lair of Beasts)

   It protects you from poison.
 G - a +0 robe of resistance (worn)
 J - the +1 cloak of Starlight (worn) {rElec rC+ EV+4 Stlth--}
   (You bought it in a shop on level 7 of the Dungeon)

   It affects your evasion (+4).
   It protects you from cold.
   It insulates you from electricity.
   It makes you much less stealthy.
 Y - the +0 mask of the Dragon (worn) {MR+ Slay+3 SInv}
   (You found it on level 13 of the Dungeon)

   It affects your accuracy and damage with ranged weapons and melee attacks
   (+3).
   It affects your resistance to hostile enchantments.
   It lets you see invisible.
Magical Staves
 a - an uncursed staff of fire
 b - an uncursed staff of energy (weapon)
 N - an uncursed staff of wizardry
Jewellery
 F - a ring of resist corrosion (left hand)
 O - the amulet "Caekisua" (around neck) {MR++ Regen+ Slay+6 SInv Stlth-}
   (You found it on level 6 of the Lair of Beasts)

   [amulet of regeneration]

   It affects your accuracy and damage with ranged weapons and melee attacks
   (+6).
   It affects your resistance to hostile enchantments.
   It lets you see invisible.
   It increases your rate of regeneration.
   It makes you less stealthy.
 S - a ring of poison resistance (right hand)
Wands
 e - a wand of flame (47)
 i - a wand of clouds (5)
 m - a wand of paralysis (36)
 q - a wand of digging (10)
 I - a wand of acid (16)
 Q - a wand of enslavement (13)
Scrolls
 f - 7 scrolls of enchant weapon
 j - 5 scrolls of teleportation
 k - 2 scrolls of immolation
 p - 2 scrolls of fear
 r - 6 scrolls of remove curse
 y - 5 scrolls of magic mapping
 z - 3 scrolls of fog
 D - a scroll of holy word
 U - 2 scrolls of identify
Potions
 d - 4 potions of brilliance
 n - 4 potions of berserk rage
 o - a potion of stabbing
 t - a potion of heal wounds
 u - 2 potions of resistance
 x - a potion of mutation
 B - 5 potions of curing
 H - 3 potions of lignification
 L - 4 potions of flight
 P - 4 potions of haste
 V - a potion of cancellation
 W - a potion of invisibility
 X - a potion of might
Miscellaneous
 s - a phantom mirror
Comestibles
 c - 30 rations


   Skills:
 * Level 7.9 Fighting
 - Level 10.0 Dodging
 - Level 2.4 Stealth
 * Level 10.6 Shields
 - Level 10.0 Spellcasting
 - Level 15.0 Conjurations
 - Level 8.0 Necromancy
 - Level 15.0 Fire Magic
 + Level 4.5 Evocations


You had 2 spell levels left.
You knew the following spells:

 Your Spells              Type           Power        Failure   Level  Hunger
a - Foxfire               Conj/Fire      ####         0%          1    None
b - Conjure Flame         Conj/Fire      ######..     1%          3    None
c - Animate Dead          Necr           N/A          3%          4    None
d - Sticky Flame          Conj/Fire      ######..     1%          4    None
e - Fireball              Conj/Fire      ######....   1%          5    None
f - Iskenderun's Mystic   Conj/Tloc      #####...     1%          4    None
g - Searing Ray           Conj           ######       1%          2    None
h - Blink                 Tloc           N/A          14%         2    None
i - Orb of Destruction    Conj           ######....   4%          7    None

Your spell library contained the following spells:

 Spells                   Type           Power        Failure   Level  Hunger
 Irradiate                Conj/Tmut      #####.....   3%          5    None
 Magic Dart               Conj           ####         0%          1    None
 Animate Skeleton         Necr           N/A          1%          1    None
 Pain                     Necr           ####         1%          1    None
 Infusion                 Chrm           ##..         9%          1    None
 Call Imp                 Summ           ##......     14%         2    None
 Shroud of Golubria       Chrm/Tloc      ##....       14%         2    None
 Slow                     Hex            ##......     14%         2    None
 Song of Slaying          Chrm           ##......     14%         2    None
 Inner Flame              Hex/Fire       #####...     1%          3    None
 Mephitic Cloud           Conj/Pois/Air  #####...     1%          3    None
 Vampiric Draining        Necr           ######....   1%          3    None
 Agony                    Necr           ######..     10%         5    None
 Ozocubu's Armour         Chrm/Ice       ##......     26%         3    None
 Spectral Weapon          Hex/Chrm       ##......     26%         3    None
 Haunt                    Necr/Summ      ####......   100%        7    None
 Borgnjor's Revivificati  Necr           ######....   100%        8    None
 Death's Door             Chrm/Necr      ####......   100%        8    None
 Infestation              Necr           ######....   100%        8    None
 Necromutation            Tmut/Necr      ####......   100%        8    None


Dungeon Overview and Level Annotations

Branches:
Dungeon (15/15)            Temple (1/1) D:6            Lair (6/6) D:9
  Swamp (0/4) Lair:4        Snake (0/4) Lair:3        Slime (0/5) Lair:6
    Orc (2/2) D:12            Elf (0/3) Orc:2        Vaults (0/5) D:13
 Depths: D:15

Altars:
Ashenzari
Elyvilon
Fedhas
Hepliaklqana
Kikubaaqudgha
Makhleb
Okawaru
Qazlal
Ru
Trog
Uskayaw
Vehumet
Wu Jian
Xom
Zin
The Shining One

Shops:
D:6 [   D:7 [   D:13 *   Orc:1 =   Orc:2 *?}[=

Portals:
Pandemonium: Orc:2

Annotations:
D:10 1 runed translucent door, sirjames's ghost, journeyman FoEE
D:15 Azrael
Orc:2 2 transporters, Bikaver's ghost, journeyman DECj


Message History

You climb downwards.
Level annotation: Azrael The yaktaur wields a +0 arbalest.
The yaktaur shoots a bolt.
The bolt barely misses you. The hell hound breathes flames at you.
The blast of flame hits you. You resist. Azrael gestures at you.
The sphere of damnation explodes!
The damnation engulfs you!!
There is a stone staircase leading up, spattered with blood here.
You see here 2 large rocks.
Casting: Searing Ray (safe; 1% risk of failure)
Confirm with . or Enter, or press ? or * to list all spells.
Aiming: Orb of Destruction (dangerous; 4% risk of failure)
Press: ? - help, Shift-Dir - straight line The yaktaur shoots a bolt.
You block the bolt.
The cyclops throws a large rock.
The large rock hits you!!
* * * LOW HITPOINT WARNING * * *
Azrael gestures at you.
The sphere of damnation explodes!
The damnation engulfs you!!!
You die...

.#########
..○......#
#.R.....#
##...c(..#
......$..#
#...*...####.#
#....○@......#
..............#
###.h..C......#
#.........### .
........(#.#
..........###
..........#
###########


You could see Azrael, a cyclops, a yaktaur and a hell hound (catching breath).

Vanquished Creatures
  A stone giant (D:13)
  6 hydras
  Harold (D:9)
  A catoblepas (Lair:5)
  4 centaur warriors
  5 two-headed ogres
  2 dancing weapons (D:13)
  A satyr (shapeshifter) (D:13)
  5 orc high priests
  A merfolk avatar (Lair:6)
  A tengu warrior (D:14)
  A soul eater (Orc:2)
  A sun demon (Orc:2)
  Nergalle (Lair:4)
  A sea snake (Lair:6)
  6 unseen horrors
  A wizard (D:14)
  A gelid demonspawn (Orc:2)
  A torturous demonspawn (Orc:2)
  Pikel (D:5)
  A deep elf mage (D:12)
  8 orc knights
  A cyclops (D:13)
  4 manticores
  2 slime creatures (D:14)
  4 ugly things
  9 orc sorcerers
  Maurice (D:9)
  A manticore (shapeshifter) (D:13)
  A salamander (shapeshifter) (D:13)
  A water nymph (shapeshifter) (D:13)
  9 elephants
  2 centaur zombies
  Joseph (D:7)
  2 black mambas
  An ice statue (Lair:2)
  6 gargoyles
  2 centaur skeletons
  Maggie (D:10)
  14 spiny frogs
  An orange demon (Orc:2)
  A kobold demonologist (D:13)
  9 rime drakes
  A tengu conjurer (D:14)
  3 komodo dragons
  2 ice devils
  5 trolls
  2 polar bears
  2 wind drakes (Lair:6)
  A queen bee (D:10)
  3 hornets
  Prince Ribbit (D:7)
  24 blink frogs
  A bog body (Lair:4)
  2 dream sheep (D:8)
  A raiju (shapeshifter) (D:14)
  17 hippogriffs
  A shadow (D:11)
  2 water elementals
  A vampire (D:10)
  A wraith (D:14)
  7 wyverns
  2 fire elementals (D:14)
  40 yaks
  4 hungry ghosts
  4 vampire mosquitoes (D:14)
  3 basilisks
  2 neqoxecs (Orc:2)
  A soldier ant (D:13)
  4 wargs
  16 water moccasins
  3 hell hounds (D:14)
  2 nagas (Lair:3)
  4 porcupines
  A slave (D:5)
  40 orc warriors
  A necrophage (D:8)
  2 eyes of draining (D:3)
  10 ice beasts
  5 sky beasts
  A black bear (D:8)
  16 ogres
  6 wolves (Lair:1)
  7 centaurs
  9 crocodiles
  13 bullfrogs
  6 big kobolds
  2 wyvern skeletons (D:13)
  10 scorpions
  25 killer bees
  7 howler monkeys
  9 wights
  A vampire bat (D:5)
  10 electric eels
  7 jellies
  6 crimson imps
  2 bullfrog zombies
  31 orc priests
  7 hounds
  Ijyb (D:3)
  4 bullfrog skeletons
  2 hell rats (Lair:4)
  5 iguanas
  20 orc wizards
  17 worker ants
  A hound zombie (D:6)
  A hound skeleton (D:8)
  A howler monkey zombie (D:5)
  5 worker ant zombies
  15 adders
  7 gnolls
  A howler monkey skeleton (D:9)
  10 river rats (Lair:4)
  2 shadow imps
  A white imp (D:7)
  3 oozes
  An adder zombie (D:6)
  2 worms
  2 dart slugs
  3 leopard geckos
  99 orcs
  4 bats
  2 bat skeletons (D:5)
  3 bat zombies (D:5)
  11 giant cockroaches
  10 goblins
  10 hobgoblins
  17 jackals
  23 kobolds
  9 quokkas
  A ball python (D:4)
  6 frilled lizards
  2 jackal skeletons (D:8)
  7 rats
  3 fungi
  2 plants (Lair:5)
833 creatures vanquished.

Vanquished Creatures (collateral kills)
  3 vampire mosquitoes (D:12)
  An ice beast (D:12)
4 creatures vanquished.

Vanquished Creatures (others)
  A rime drake (Lair:6)
  A blink frog (Lair:6)
  A hippogriff (Lair:6)
  A crimson imp (D:5)
  1733 foxfires
  8 fungi
  14 plants
1759 creatures vanquished.

Grand Total: 2596 creatures vanquished

Notes
Turn   | Place    | Note
-------+----------+-------------------------------------------
     0 | D:1      | MrRokkomies the Deep Elf Fire Elementalist began the quest
                  | for the Orb.
     0 | D:1      | Reached XP level 1. HP: 10/10 MP: 6/6
   220 | D:1      | Reached XP level 2. HP: 8/15 MP: 4/8
  1458 | D:2      | Reached XP level 3. HP: 19/19 MP: 7/9
  1511 | D:2      | Found an ornate altar of the Wu Jian Council.
  1653 | D:2      | Learned a level 3 spell: Conjure Flame
  1657 | D:2      | Learned a level 3 spell: Inner Flame
  2554 | D:3      | Reached XP level 4. HP: 7/24 MP: 11/11
  2970 | D:3      | Found a glowing silver altar of Zin.
  3091 | D:3      | Noticed Ijyb
  3107 | D:3      | Killed Ijyb
  3808 | D:3      | Noticed an eye of draining
  3845 | D:3      | Reached XP level 5. HP: 28/28 MP: 9/12
  3891 | D:3      | Found a bloodstained altar of Trog.
  3919 | D:3      | Noticed an eye of draining
  3960 | D:3      | Killed an eye of draining
  3996 | D:3      | Killed an eye of draining
  3996 | D:3      | Reached skill level 5 in Fire Magic
  3996 | D:3      | Reached XP level 6. HP: 32/32 MP: 0/14
  4338 | D:4      | Found a blossoming altar of Fedhas.
  4393 | D:4      | Learned a level 4 spell: Sticky Flame
  4632 | D:4      | Reached XP level 7. HP: 29/36 MP: 13/16
  4704 | D:4      | Reached skill level 5 in Conjurations
  4728 | D:4      | Reached skill level 5 in Spellcasting
  5450 | D:5      | Entered Level 5 of the Dungeon
  5647 | D:5      | Reached skill level 5 in Dodging
  5703 | D:5      | Learned a level 5 spell: Fireball
  5802 | D:5      | Found an ancient bone altar of Kikubaaqudgha.
  5810 | D:5      | Reached XP level 8. HP: 40/41 MP: 12/17
  7183 | D:5      | Noticed Pikel
  7212 | D:5      | Killed Pikel
  7578 | D:5      | Found a shimmering altar of Xom.
  8200 | D:6      | Found a white marble altar of Elyvilon.
  8200 | D:6      | Found a hide-covered altar of Uskayaw.
  8212 | D:6      | Found Utai's Armour Shoppe.
  8289 | D:6      | Found a staircase to the Ecumenical Temple.
  8294 | Temple   | Entered the Ecumenical Temple
  8331 | Temple   | Became a worshipper of Vehumet
  8543 | D:6      | Reached XP level 9. HP: 39/45 MP: 11/18
  9321 | D:7      | Found Gon Kosu's Armour Shoppe.
  9330 | D:7      | Bought a +3 leather armour for 209 gold pieces
  9427 | D:7      | Noticed Joseph
  9454 | D:7      | Killed Joseph
  9454 | D:7      | Reached skill level 1 in Shields
  9764 | D:7      | Found a shattered altar of Ashenzari.
  9765 | D:7      | Noticed Prince Ribbit
  9770 | D:7      | Killed Prince Ribbit
 10377 | D:7      | Reached * piety under Vehumet
 10377 | D:7      | Offered knowledge of Sandblast by Vehumet.
 10380 | D:7      | Learned a level 1 spell: Sandblast
 11384 | D:8      | Reached skill level 10 in Fire Magic
 11499 | D:8      | Reached XP level 10. HP: 26/50 MP: 14/19
 11621 | D:8      | Reached ** piety under Vehumet
 11647 | D:8      | Offered knowledge of Shock by Vehumet.
 12318 | D:8      | Reached skill level 10 in Conjurations
 12330 | D:8      | Offered knowledge of Searing Ray by Vehumet.
 12369 | D:8      | Learned a level 2 spell: Searing Ray
 12496 | D:8      | Noticed a three-headed hydra
 12514 | D:8      | Killed a three-headed hydra
 12665 | D:8      | Found a burning altar of Makhleb.
 12730 | D:8      | Found an iron altar of Okawaru.
 13217 | D:9      | Reached *** piety under Vehumet
 13227 | D:9      | Noticed Harold
 13229 | D:9      | Noticed Maurice
 13239 | D:9      | Killed Maurice
 13240 | D:9      | Killed Harold
 13403 | D:9      | Identified a scroll of acquirement
 13404 | D:9      | Noticed a gargoyle
 13407 | D:9      | Killed a gargoyle
 13407 | D:9      | Reached XP level 11. HP: 53/53 MP: 5/20
 13496 | D:7      | Bought the +1 cloak of Starlight {rElec rC+ EV+4 Stlth--}
                  | for 489 gold pieces
 13496 | D:7      | Found the +1 cloak of Starlight {rElec rC+ EV+4 Stlth--}
 13562 | D:9      | Found a staircase to the Lair.
 13710 | D:9      | Found a glowing golden altar of the Shining One.
 13732 | D:9      | Offered knowledge of Olgreb's Toxic Radiance by Vehumet.
 15156 | Lair:1   | Entered Level 1 of the Lair of Beasts
 15466 | Lair:1   | Noticed an eight-headed hydra
 15470 | Lair:1   | Killed an eight-headed hydra
 15507 | Lair:1   | Reached **** piety under Vehumet
 15882 | Lair:1   | Offered knowledge of Iskenderun's Mystic Blast by Vehumet.
 15892 | Lair:1   | Learned a level 4 spell: Iskenderun's Mystic Blast
 16483 | Lair:1   | Reached skill level 10 in Dodging
 16612 | Lair:2   | Reached XP level 12. HP: 59/59 MP: 21/24
 16629 | Lair:2   | Reached skill level 1 in Fighting
 17947 | Lair:3   | Found a staircase to the Snake Pit.
 18125 | Lair:3   | Noticed a four-headed hydra
 18129 | Lair:3   | Killed a four-headed hydra
 18231 | Lair:3   | Learned a level 4 spell: Animate Dead
 18695 | Lair:3   | Got the +4 kite shield of Xuschomn {rPois}
 19184 | Lair:4   | Noticed a five-headed hydra
 19204 | Lair:4   | Killed a five-headed hydra
 19513 | Lair:4   | Found a staircase to the Swamp.
 19667 | Lair:4   | Noticed Nergalle
 19686 | Lair:4   | Reached skill level 5 in Shields
 19692 | Lair:4   | Killed Nergalle
 20181 | Lair:4   | You fall into a shaft and drop 2 floors!
 20181 | Lair:6   | Entered Level 6 of the Lair of Beasts
 20216 | Lair:5   | Learned a level 2 spell: Blink
 20291 | Lair:6   | Reached skill level 5 in Fighting
 20304 | Lair:5   | Noticed a six-headed hydra
 20325 | Lair:5   | Reached ***** piety under Vehumet
 20326 | Lair:5   | Offered knowledge of Conjure Ball Lightning by Vehumet.
 20610 | Lair:4   | Reached XP level 13. HP: 63/72 MP: 19/27
 22492 | Lair:4   | Upgraded the game from 0.26-a0-146-g24f6d3962c to
                  | 0.26-a0-149-g49b1be5409
 23511 | Lair:5   | Reached skill level 10 in Spellcasting
 23619 | Lair:6   | Reached skill level 1 in Necromancy
 23716 | Lair:6   | Found a staircase to the Slime Pits.
 25192 | Lair:6   | Got a smoking golden amulet
 25193 | Lair:6   | Identified the amulet "Caekisua" {MR++ Regen+ Slay+6 SInv
                  | Stlth-} (You found it on level 6 of the Lair of Beasts)
 25199 | Lair:6   | Got a smoking spear
 25211 | Lair:6   | Identified the +8 spear of Woabumok {speed, rN+ MR+ Dex+2
                  | SInv} (You found it on level 6 of the Lair of Beasts)
 25660 | D:10     | Entered Level 10 of the Dungeon
 25890 | D:10     | Reached skill level 5 in Necromancy
 26076 | D:10     | Noticed Maggie
 26172 | D:10     | Offered knowledge of Iskenderun's Battlesphere by Vehumet.
 26381 | D:10     | Found a runed translucent door.
 26383 | D:10     | Identified the +9 spear "Uqad" {drain, rN+ MP-9 Int+7
                  | Dex-4}
 26387 | D:10     | Noticed sirjames's ghost (journeyman FoEE)
 26574 | D:10     | Killed Maggie
 26666 | D:10     | Reached XP level 14. HP: 78/78 MP: 28/30
 28433 | D:12     | Found a staircase to the Orcish Mines.
 28815 | Orc:1    | Entered Level 1 of the Orcish Mines
 29388 | Orc:1    | Offered knowledge of Freezing Cloud by Vehumet.
 29906 | Orc:1    | Found Qeadusha's Jewellery Shoppe.
 30230 | Orc:2    | Entered Level 2 of the Orcish Mines
 30277 | Orc:2    | Found a staircase to the Elven Halls.
 30872 | Orc:2    | Found Ulog's Jewellery Shop.
 30888 | Orc:2    | Noticed Bikaver's ghost (journeyman DECj)
 30973 | Orc:2    | Found a transporter.
 30976 | Orc:2    | Found a transporter.
 31389 | Orc:2    | Found Reptu Fepa's General Store.
 31704 | Orc:2    | Found Ypischoaf's Magic Scroll Emporium.
 31996 | Orc:2    | Bought a scroll of acquirement for 936 gold pieces
 32350 | Orc:2    | Reached skill level 15 in Fire Magic
 32820 | Orc:2    | Reached skill level 1 in Evocations
 33047 | Orc:2    | Found Iwot Veg's Antique Armour Shop.
 33047 | Orc:2    | Found a one-way gate leading to the halls of Pandemonium.
 33047 | Orc:2    | Found Suocumam's Gadget Boutique.
 33053 | Orc:2    | Bought a runed helmet for 255 gold pieces
 33150 | Orc:2    | Bought a pitted ring mail for 306 gold pieces
 33150 | Orc:2    | Identified the cursed +0 ring mail of the Peculiar Hosts
                  | {rC+++ MR- Regen+ MP+9} (You bought it in a shop on level 2
                  | of the Orcish Mines)
 33194 | Orc:2    | Bought a scroll of enchant armour for 135 gold pieces
 33366 | D:13     | Offered knowledge of Orb of Destruction by Vehumet.
 33374 | D:13     | Reached XP level 15. HP: 84/84 MP: 7/31
 33475 | D:13     | Found a runed translucent gate.
 33475 | D:13     | Found a runed translucent gate.
 33475 | D:13     | Found a runed translucent gate.
 33565 | D:13     | Found the +0 mask of the Dragon {MR+ Slay+3 SInv}
 33565 | D:13     | Found the +7 mace of Variability {chain chaos}
 33612 | D:13     | Found a runed translucent gate.
 33612 | D:13     | Found a runed translucent gate.
 33612 | D:13     | Found a runed translucent gate.
 33950 | D:13     | Found a gate to the Vaults.
 33994 | D:13     | Learned a level 7 spell: Orb of Destruction
 34343 | D:13     | Found Fudoon's General Store.
 34423 | D:13     | Bought a potion of heal wounds for 75 gold pieces
 34584 | D:13     | Reached skill level 10 in Shields
 35087 | D:13     | Noticed a frost giant
 35087 | D:13     | a dire elephant changed into a frost giant
 35088 | D:13     | a frost giant changed into a stone giant
 35096 | D:13     | Noticed a frost giant
 35096 | D:13     | a stone giant changed into a frost giant
 35099 | D:13     | Noticed an azure jelly
 35099 | D:13     | a frost giant changed into an azure jelly
 35100 | D:13     | an azure jelly changed into a minotaur
 35568 | D:13     | Got a smoking spear
 35569 | D:13     | Identified the +5 spear "Ukoluir" {vorpal, rC+} (You found
                  | it on level 13 of the Dungeon)
 36309 | D:14     | Reached ****** piety under Vehumet
 36584 | D:14     | Offered knowledge of Irradiate by Vehumet.
 37353 | D:15     | Entered Level 15 of the Dungeon
 37760 | D:14     | Upgraded the game from 0.26-a0-149-g49b1be5409 to
                  | 0.26-a0-154-g3d63440f56
 37761 | D:15     | Noticed Azrael
 37769 | D:14     | Reached skill level 15 in Conjurations
 37926 | D:15     | Killed from afar by Azrael

Illustrated notes

Levels and vault maps discovered:
D:1:      co_arrival_square_in_a_square_in_a_square, layout_basic
D:2:      layout_loops_corners, lemuel_coloured_pillars_altar
D:3:      layout_loops_ring, trog_eyes_of_draining, overflow_temple_1_default,
          first_ration, uniq_ijyb
D:4:      layout_loops_ring, fedhas_altar_4
D:5:      layout_loops_corners, tgw_xom, kennysheep_vampire_church, uniq_pikel
D:6:      layout_loops_cross, gammafunk_temple_overflow_elements,
          minmay_temple_entry_wispy, serial_shops, shop,
          cheibrodos_sewer_entry_bend, chequers_arboretum,
          minmay_fractal_squares_5
D:7:      layout_layer_cave, nicolae_overflow_crystal_walls, serial_shops,
          nicolae_shop_competitors_out_of_business, minmay_fire_ice_demons,
          uniq_joseph, uniq_prince_ribbit1
D:8:      layout_loops_ring, okawaru_altar_gauntlet_db,
          makhleb_blood_cavern_becter, hangedman_ranch [blue_anna_fruit_fields]
D:9:      cheibrodos_statue_roulette, layout_loops_ring, kennysheep_mini,
          dpeg_oklobed_lair, special_room [special_room_orc], uniq_maurice,
          uniq_harold
D:10:     layout_cave_pools, ebering_ghost_funeral_grove, minivault_7,
          uniq_maggie
D:11:     layout_loops_ring, bh_chokoban
D:12:     layout_gridville, orc_0_dummy, minmay_misc_feat_tower
D:13:     kennysheep_treasure_stockpile, layout_basic, erik_vaults_1,
          serial_shops, nicolae_shop_window_shopping, serial_bayou,
          serial_bayou_pond_a, serial_bayou_pond_c, serial_bayou_ford_a,
          serial_bayou_shore_b
D:14:     layout_loops_cross, kennysheep_doodads, grunt_ministairs_14
D:15:     grunt_enter_depths_giant_problem, layout_basic, nrook_mini_backslash,
          tgw_sif, uniq_azrael
Temple:   jpeg_temple_alley_garden
Lair:1:   layout_hall_layers, grunt_forest_small_clearings, lemuel_fruit_tree
Lair:2:   layout_loops_ring, ice2_lemuel
Lair:3:   layout_concentric_octagons, guppyfry_snake_entry_garden
Lair:4:   layout_cave_pods, skrybe_swamp_entry_bodies, kennysheep_rathole,
          uniq_nergalle
Lair:5:   layout_cave_pods
Lair:6:   gammafunk_lair_ancient_temple, layout_loops_ring,
          nicolae_slime_entry_slimehenge
Orc:1:    layout_caves, serial_shops,
          nicolae_shop_temple_entry_statues_fountains
Orc:2:    pf_orc_diabolical, layout_diamond_mine, gammafunk_ghost_arena,
          minmay_shop_enchanted_jewellery

Skill      XL: |  1  2  3  4  5  6  7  8  9 10 11 12 13 14 15 |
---------------+----------------------------------------------+-----
Conjurations   | 2 3 4 6 8 9 11 12 13 14 15 | 15.0
Fire Magic     | 4 5 6 8 10 11 12 13 14 15 | 15.0
Dodging        | 3 4 5 6 7 8 10 | 10.0
Spellcasting   | 4 5 7 8 10 | 10.0
Shields        | 2 4 5 7 9 10 | 10.6
Fighting       | 5 6 7 |  7.9
Necromancy     | 5 8 |  8.0
Evocations     | 2 4 |  4.5
Stealth        | |  2.4

Action                   |  1- 3 |  4- 6 |  7- 9 | 10-12 | 13-15 || total
-------------------------+-------+-------+-------+-------+-------++-------
Melee: Mace              |    10 |       |       |       |       ||    10
       Short sword       |    61 |   165 |   635 |   133 |       ||   994
       Whip              |       |       |       |   168 |    59 ||   227
       Staff             |       |       |       |     7 |     6 ||    13
       Rapier            |       |       |       |     2 |       ||     2
       Spear             |       |       |       |       |   158 ||   158
Throw: Dart              |     3 |    15 |    53 |    16 |     8 ||    95
 Cast: Foxfire           |    33 |    35 |   145 |   282 |   543 ||  1038
       Sticky Flame      |       |       |    21 |    68 |   182 ||   271
       Sandblast         |       |       |     3 |     9 |       ||    12
       Fireball          |       |       |       |    27 |    87 ||   114
       Searing Ray       |       |       |       |    12 |    46 ||    58
       Iskenderun's Myst |       |       |       |     7 |   122 ||   129
       Blink             |       |       |       |       |     5 ||     5
       Animate Dead      |       |       |       |       |    10 ||    10
       Orb of Destructio |       |       |       |       |    14 ||    14
Evoke: Wand              |       |       |    19 |     4 |     4 ||    27
  Use: Scroll            |    10 |     2 |     9 |    16 |    13 ||    50
       Potion            |     2 |       |     1 |     3 |     3 ||     9
 Stab: Sleeping          |     6 |     2 |     5 |     2 |       ||    15
       Distracted        |       |     1 |       |     1 |       ||     2
       Paralysed         |       |       |       |     5 |       ||     5
  Eat: Chunk             |     5 |     7 |    20 |    23 |    34 ||    89
       Ration            |       |       |     3 |     4 |     8 ||    15
Armor: Robe              |    21 |    32 |   210 |       |    15 ||   278
       Leather armour    |       |       |    63 |    85 |    51 ||   199
       Steam dragon scal |       |       |       |       |    24 ||    24
Dodge: Dodged            |    77 |   102 |   691 |   304 |   433 ||  1607
Block: Buckler           |       |       |    42 |    81 |       ||   123
       Kite shield       |       |       |       |    42 |   507 ||   549

Table legend:
 A = Non-vault XP
 B = Vault XP
 C = Vault XP percentage of total XP
 D = Non-vault monster count
 E = Vault monster count
 F = Vault count percentage of total count
                 A         B        C        D         E       F
            +---------+---------+-------+---------+---------+-------
      Total |   84757 |   49249 |  36.8 |     590 |     242 |  29.1
            +---------+---------+-------+---------+---------+-------
        D:1 |      40 |       0 |   0.0 |      21 |       0 |   0.0
        D:2 |      58 |       0 |   0.0 |      23 |       0 |   0.0
        D:3 |      55 |     314 |  85.1 |      17 |       5 |  22.7
        D:4 |     535 |       0 |   0.0 |      23 |       0 |   0.0
        D:5 |     728 |     729 |  50.0 |      28 |      12 |  30.0
        D:6 |     337 |     175 |  34.2 |       9 |       5 |  35.7
        D:7 |     562 |     802 |  58.8 |      20 |       4 |  16.7
        D:8 |    2167 |    2435 |  52.9 |      47 |      17 |  26.6
        D:9 |     847 |    4442 |  84.0 |      23 |      31 |  57.4
       D:10 |    2800 |    1762 |  38.6 |      39 |      19 |  32.8
       D:11 |    4470 |       0 |   0.0 |      15 |       0 |   0.0
       D:12 |    7347 |       0 |   0.0 |      47 |       0 |   0.0
       D:13 |    9642 |    8947 |  48.1 |      55 |      23 |  29.5
       D:14 |   14127 |     949 |   6.3 |      36 |       6 |  14.3
     Lair:1 |    6470 |     306 |   4.5 |      26 |       1 |   3.7
     Lair:2 |    3260 |    1560 |  32.4 |      13 |       8 |  38.1
     Lair:3 |    2725 |     310 |  10.2 |      10 |       2 |  16.7
     Lair:4 |    7532 |    1258 |  14.3 |      30 |      15 |  33.3
     Lair:5 |    9161 |     506 |   5.2 |      27 |       2 |   6.9
     Lair:6 |    4158 |    8633 |  67.5 |      17 |      27 |  61.4
      Orc:1 |    4848 |       0 |   0.0 |      32 |       0 |   0.0
      Orc:2 |    2888 |   16121 |  84.8 |      32 |      65 |  67.0
            +---------+---------+-------+---------+---------+-------
